 Dungeon Crawl Stone Soup version 0.30-a0-1050-g2766ea1e55 (webtiles) character file.

Game seed: 17148696296019452515

4496 Lavandula the Cleaver (level 10, 72/72 HPs)
             Began as a Demonspawn Gladiator on Apr 11, 2023.
             Was a Follower of Makhleb.
             Quit the game on level 9 of the Dungeon.
             The game lasted 00:15:14 (7409 turns).

Lavandula the Cleaver (Demonspawn Gladiator)        Turns: 7409, Time: 00:15:14

Health: 72/72      AC: 15    Str: 17    XL:     10   Next: 16%
Magic:  10/10      EV: 15    Int: 12    God:    Makhleb [*.....]
Gold:   495        SH:  5    Dex: 14    Spells: 9/9 levels left

rFire   . . .      SeeInvis .    o - +0 hand axe (elec)
rCold   . . .      Faith    .    (no shield)
rNeg    . . .      Spirit   .    I - +3 scale mail
rPois   .          Reflect  +    (helmet restricted)
rElec   .          Rampage  .    k - +2 cloak
rCorr   .                        (no gloves)
Will    +....                    (no boots) Stlth
                                 p - amulet of reflection
HPRegen 0.32/turn                z - +5 ring of evasion
MPRegen 0.12/turn                f - ring of willpower

@: no status effects
A: horns 1, slimy green scales 2, foul stench 1
a: Renounce Religion


You were on level 9 of the Dungeon.
You worshipped Makhleb.
Makhleb was aware of your devotion.
You visited 2 branches of the dungeon, and saw 10 of its levels.

You collected 495 gold pieces.

Inventory:

Hand Weapons
 o - a +0 hand axe of electrocution (weapon)
 D - a +0 broad axe
 E - a +2 heavy hand axe
 G - a +4 war axe
Missiles
 d - 10 boomerangs (quivered)
 e - a throwing net
 r - 4 javelins
 u - 11 poisoned darts
Armour
 c - a +0 helmet
 k - a +2 cloak (worn)
 w - a +1 leather armour of cold resistance
 I - a +3 scale mail (worn)
Jewellery
 f - a ring of willpower (right hand)
 p - an amulet of reflection (around neck)
 z - a +5 ring of evasion (left hand)
 B - a ring of see invisible
Wands
 l - a wand of flame (14)
 t - a wand of paralysis (21)
Scrolls
 b - a scroll of poison {unknown}
 g - a scroll of blinking {unknown}
 h - 4 scrolls of magic mapping {unknown}
 j - 4 scrolls of amnesia
 m - 4 scrolls of teleportation
 v - a scroll of vulnerability
 y - a scroll of enchant weapon
 A - a scroll of enchant armour
Potions
 a - a potion of might {unknown}
 i - 2 potions of mutation
 n - a potion of degeneration {unknown}
 q - 3 potions of ambrosia
 s - a potion of curing {unknown}
 x - 2 potions of attraction {unknown}
 C - a potion of haste {unknown}
 F - a potion of invisibility {unknown}
 H - a potion of lignification
 J - a potion of resistance {unknown}
 K - a potion of heal wounds {unknown}


   Skills:
 * Level 4.2 Fighting
 - Level 3.9 Long Blades
 + Level 12.6 Axes
 - Level 1.7 Throwing
 + Level 3.1 Dodging


You had 9 spell levels left.
You didn't know any spells.
Your spell library contained the following spells:

 Spells                   Type           Power      Damage    Failure   Level
 Kiss of Death            Conj/Necr      0%         2d5       77%         1
 Confusing Touch          Hex            0%         N/A       98%         3
 Dazzling Flash           Conj/Hex       0%         N/A       98%         3
 Volatile Blastmotes      Fire/Tloc      0%         2d10      98%         3
 Dispel Undead            Necr           0%         3d6       100%        4
 Iskenderun's Mystic Bla  Conj/Tloc      0%         2d3       100%        4
 Fireball                 Conj/Fire      0%         3d3       100%        5
 Iskenderun's Battlesphe  Conj           0%         2d6       100%        5
 Conjure Ball Lightning   Conj/Air       0%         3x3d6     100%        6
 Starburst                Conj/Fire      0%         6d3       100%        6
 Orb of Destruction       Conj           0%         9d5       100%        7


Dungeon Overview and Level Annotations

Branches:
Dungeon (9/15)             Temple (1/1) D:7            Lair (0/5) D:9
    Orc: D:9-12

Altars:
Ashenzari
Cheibriados
Dithmenos
Fedhas
Gozag
Hepliaklqana
Kikubaaqudgha
Makhleb
Nemelex Xobeh
Okawaru
Ru
Sif Muna
Trog
Uskayaw
Vehumet
Wu Jian
Xom
Yredelemnul

Annotations:
D:7 3 runed translucent doors, anet's ghost, novice MiBe


Innate Abilities, Weirdness & Mutations

You have a pair of small horns on your head.
You are mostly covered in slimy green scales. (AC +3)
You may rarely emit foul miasma when damaged in melee.


Message History

The centaur barely misses you.
The centaur kicks you but does no damage.
You barely miss the centaur.
The centaur is almost dead.
The centaur hits you but does no damage.
The centaur barely misses you.
You closely miss the centaur.
The centaur is almost dead.
The centaur closely misses you. x2
You hit the centaur. Lightning courses through the centaur!
You kill the centaur!
Makhleb accepts your kill.
No target in view!
You see here a +0 shortbow.
K - a cyan potion
h - 4 scrolls labelled NUANAE URPHEWAJ (gained 2)
Okay, then.
Okay, then.
There is an escape hatch in the ceiling here.
Found a robe.
You see here a +0 robe.
As you open the door, it creaks loudly!
There is an open door here.
You open the door.
Found a sparkling altar of Nemelex Xobeh.
Found an escape hatch in the floor.
Found 4 stones.
You open the door.
Found a stone staircase leading down.
There is an open door here.
u - 11 poisoned darts (gained 5) As you open the door, it creaks loudly!
Found a kite shield.
There is an open door here.
You see here a +0 kite shield. 2 death yaks come into view.
Found a glowing helmet.
Found a staircase to the Lair.
The death yak bellows!
The wyvern hisses angrily.
Okay, then.
Are you sure you want to abandon this character and quit the game? (Confirm with "yes".)

###.......+
#...#######
#######.#.#
#.........#
....##..#####
# #..## #.##
#.# #@# #.#
..# [...
..... .Y.....
l....Y..
#..>.#...# ..


You could see 2 death yaks and a wyvern.

Vanquished Creatures
  Maggie (D:8)
  Prince Ribbit (D:7)
  3 yaks
  2 wyverns (D:8)
  A steam dragon (D:7)
  2 water moccasins
  An orc warrior (D:8)
  A sky beast (D:6)
  4 ice beasts
  2 black bears
  3 centaurs
  An ogre (D:5)
  A phantom (D:7)
  3 bullfrogs
  8 scorpions
  3 wights (D:9)
  6 killer bees
  A howler monkey (D:6)
  2 hounds
  4 orc priests
  A gnoll bouda (D:5)
  A jelly (D:7)
  An iguana (D:5)
  2 sleepcaps
  5 orc wizards
  8 gnolls (D:5)
  9 adders
  A shadow imp (D:6)
  A white imp (D:5)
  An ufetubus (D:5)
  3 worms
  A dart slug (D:3)
  20 orcs
  3 bats
  5 endoplasms
  4 giant cockroaches
  9 goblins
  7 hobgoblins
  5 kobolds
  5 quokkas
  7 ball pythons
  2 frilled lizards (D:1)
  7 rats
158 creatures vanquished.

Notes
Turn   | Place    | Note
-------+----------+-------------------------------------------
     0 | D:1      | Lavandula the Demonspawn Gladiator began the quest for the
                  | Orb.
     0 | D:1      | Reached XP level 1. HP: 16/16 MP: 1/1
   192 | D:1      | Gained mutation: You are partially covered in slimy green
                  | scales. (AC +2) [demonic ancestry]
   192 | D:1      | Reached XP level 2. HP: 17/22 MP: 2/2
   783 | D:2      | Found a faded altar of an unknown god.
   813 | D:2      | Gained mutation: You may rarely emit foul miasma when
                  | damaged in melee. [demonic ancestry]
   813 | D:2      | Reached XP level 3. HP: 27/27 MP: 3/3
   979 | D:2      | Reached XP level 4. HP: 10/35 MP: 4/4
  1238 | D:2      | Reached skill level 1 in Axes
  1863 | D:3      | Reached skill level 2 in Axes
  1863 | D:3      | Gained mutation: You have a pair of small horns on your
                  | head. [demonic ancestry]
  1863 | D:3      | Reached XP level 5. HP: 27/41 MP: 5/5
  2162 | D:3      | Noticed a water moccasin
  2176 | D:3      | Killed a water moccasin
  2177 | D:3      | Reached skill level 3 in Axes
  2715 | D:4      | Reached XP level 6. HP: 47/47 MP: 6/6
  2822 | D:4      | Reached skill level 4 in Axes
  3606 | D:5      | Entered Level 5 of the Dungeon
  3789 | D:5      | Found a hide-covered altar of Uskayaw.
  3899 | D:5      | Reached skill level 5 in Axes
  3903 | D:5      | Reached XP level 7. HP: 32/52 MP: 7/7
  3960 | D:5      | Reached skill level 6 in Axes
  4262 | D:5      | Found a shimmering altar of Xom.
  4678 | D:6      | Reached skill level 7 in Axes
  4753 | D:6      | Gained mutation: You are mostly covered in slimy green
                  | scales. (AC +3) [demonic ancestry]
  4753 | D:6      | Reached XP level 8. HP: 58/58 MP: 8/8
  4784 | D:6      | Reached skill level 8 in Axes
  5093 | D:6      | Reached skill level 9 in Axes
  5226 | D:6      | Found a hazy altar of Hepliaklqana.
  5554 | D:7      | Reached skill level 10 in Axes
  5566 | D:7      | Reached XP level 9. HP: 32/64 MP: 9/9
  5732 | D:7      | Found a staircase to the Ecumenical Temple.
  5809 | Temple   | Entered the Ecumenical Temple
  5814 | Temple   | Became a worshipper of Makhleb the Destroyer
  5828 | D:7      | Noticed Prince Ribbit
  5843 | D:7      | Killed Prince Ribbit
  5993 | D:7      | Found a runed translucent gate.
  5994 | D:7      | Found a runed translucent gate.
  5995 | D:7      | Found a runed translucent gate.
  5996 | D:7      | Noticed anet's ghost (novice MiBe)
  6035 | D:8      | Reached skill level 11 in Axes
  6063 | D:8      | Noticed Maggie
  6086 | D:8      | Killed Maggie
  6309 | D:8      | Reached skill level 12 in Axes
  7123 | D:9      | Reached * piety under Makhleb
  7124 | D:9      | Reached XP level 10. HP: 71/71 MP: 10/10
  7220 | D:9      | Noticed a death yak
  7340 | D:9      | Found a sparkling altar of Nemelex Xobeh.
  7408 | D:9      | Found a staircase to the Lair.
  7408 | D:9      | Noticed a death yak
  7408 | D:9      | Noticed a death yak
  7409 | D:9      | Quit the game

Illustrated notes

Levels and vault maps discovered:
D:1:      arrival_zaba_pyramid, layout_loops_ring, minmay_tall_x
D:2:      cheibrodos_pilgrimage, layout_loops_corners,
          hellmonk_ecumenical_altar_arch_garden
D:3:      minmay_recursive_quarters, layout_rooms, grunt_decor_one_mirror
D:4:      layout_basic
D:5:      layout_basic, eat_drink_and_be_merry_uskayaw,
          brannock_xom_greatest_gift, serial_curves, eino_curves_03,
          eino_curves_03, eino_curves_04, eino_curves_04, water_maze_lemuel
D:6:      layout_cave_pools, worldfamousw_hep_ancestral_shrine
D:7:      layout_rooms, minmay_temple_entry_sparse_star,
          gammafunk_ghost_necromancy, uniq_prince_ribbit1
D:8:      layout_basic, minmay_starry_boxes, uniq_maggie
D:9:      layout_roguey, mainiacjoe_overflow_alcove_1,
          nicolae_qazlal_eye_of_the_storm, dpeg_lair_monsters, lightli_minifort
Temple:   sentei_temple_godly_chess

Skill      XL: |  1  2  3  4  5  6  7  8  9 10 |
---------------+-------------------------------+-----
Long Blades    | 3 |  3.9
Fighting       | 3 4 |  4.2
Axes           | 2 3 5 7 10 12 | 12.6
Dodging        | 3 |  3.1
Throwing       | |  1.7

Action                     |  1- 3 |  4- 6 |  7- 9 | 10-12 || total
---------------------------+-------+-------+-------+-------++-------
  Melee: Long sword        |   103 |     6 |       |       ||   109
         Hand axe          |       |   139 |   295 |    45 ||   479
         Punch             |       |     3 |     9 |       ||    12
         Headbutt          |       |    13 |    47 |     9 ||    69
  Throw: Throwing net      |     2 |     2 |       |       ||     4
         Javelin           |       |     1 |     2 |       ||     3
         Dart              |       |     2 |     2 |       ||     4
         Boomerang         |       |       |    34 |       ||    34
  Evoke: Wand              |       |       |     3 |       ||     3
    Use: Scroll            |       |     3 |     4 |     2 ||     9
         Potion            |       |       |     2 |       ||     2
   Stab: Sleeping          |     1 |     2 |     1 |       ||     4
         Paralysed         |       |       |     8 |       ||     8
 Armour: Leather armour    |    39 |    18 |    49 |       ||   106
         Scale mail        |       |    45 |    16 |    10 ||    71
         Skin              |       |       |    25 |       ||    25
  Dodge: Dodged            |    68 |    64 |   176 |    20 ||   328
  Block: Other             |       |     9 |    65 |     6 ||    80

Table legend: (Time is in decaauts)
 A = Elapsed time spent in this place.
 B = Non-inter-level travel time spent in this place.
 C = Inter-level travel time spent in this place.
 D = Time resting spent in this place.
 E = Time spent auto-exploring this place.
 F = Levels seen in this place.
 G = Mean time per level.
                   A        B        C        D        E       F      G
               +--------+--------+--------+--------+--------+-----+--------+
         Total |   7395 |   7044 |    351 |    345 |   5424 |  10 |  739.5 |
       Dungeon |   7386 |   7040 |    346 |    345 |   5424 |   9 |  820.7 |
        Temple |      9 |      5 |      4 |      0 |      0 |   1 |    9.0 |
               +--------+--------+--------+--------+--------+-----+--------+

Top non-repeatable levels by time:
     D:8: 1105 daAuts
     D:2: 1102 daAuts
     D:5: 1070 daAuts
     D:4: 969 daAuts
     D:3: 901 daAuts
     D:7: 718 daAuts
     D:1: 678 daAuts
     D:6: 591 daAuts
     D:9: 248 daAuts
  Temple: 9 daAuts
